Map: Acropolis LE

Players

Oris

  • Race: Terran Terran
  • League: Master
  • Spawn Location: 5:00

Mez - Winner!

  • Race: Terran Terran
  • League: Master
  • Spawn Location: 11:00

VOD

Have the link to the VOD?

Description

Time

  • Played on: Aug. 1, 2019, 1:12 a.m.
  • Length: 9:54
Show
View Real Time Build Order
Export as new Build Order

Oris Terran 

Build Orders: 1/1/1, Mech 

Get SALT Encoding   

  12  0:00  SCV  
  13  0:12  SCV  
  14  0:17  Supply Depot  
  14  0:25  SCV  
  14  0:27  Refinery  
  15  0:38  SCV  
  16  0:45  Barracks  
  16  0:50  SCV  
  16  0:55  Refinery  
  17  1:02  SCV  
  18  1:14  SCV  
  19  1:32  Barracks Reactor  
  19  1:33  Orbital Command  
  19  1:36  Factory  
  19  1:44  Supply Depot  
  19  1:59  SCV  
  20  2:09  Reaper x2  
  20  2:12  SCV  
  23  2:19  Hellion  
  25  2:28  SCV, Starport  
  26  2:32  Supply Depot  
  26  2:47  Reaper x2  
  26  2:48  Hellion  
  30  2:52  SCV  
  31  3:04  SCV  
  32  3:21  Command Center  
  32  3:26  SCV  
  33  3:28  Factory Tech Lab  
  33  3:29  Viking  
  33  3:32  Viking  
  37  3:36  Supply Depot  
  37  3:51  SCV  
  37  3:54  Barracks Tech Lab  
  38  3:58  Cyclone  
  38  4:00  Factory  
  41  4:03  SCV  
  40  4:14  Viking  
  40  4:15  SCV  
  43  4:23  Viking  
  45  4:27  SCV  
  46  4:35  Orbital Command  
  46  4:40  SCV  
  47  4:52  SCV  
  48  4:53  Siege Tank  
  51  5:02  SCV  
  51  5:04  SCV  
  51  5:05  Refinery  
  53  5:07  Refinery  
  53  5:09  Viking  
  53  5:10  Viking  
  53  5:14  SCV  
  58  5:24  SCV, Supply Depot  
  58  5:25  Siege Tank  
  62  5:34  Command Center  
  62  5:45  SCV x2  
  62  5:46  Viking x2  
  68  5:57  Supply Depot  
  68  5:59  Supply Depot  
  68  6:00  SCV  
  68  6:01  SCV  
  70  6:19  Siege Tank x2, SCV x2  
  78  6:27  Liberator  
  78  6:29  Liberator  
  78  6:31  SCV  
  79  6:34  SCV, Supply Depot  
  86  6:47  SCV  
  86  6:48  SCV, Orbital Command  
  86  6:51  Siege Tank  
  91  7:00  SCV  
  92  7:01  SCV  
  93  7:12  SCV  
  93  7:13  SCV  
  95  7:27  Armory  
  95  7:28  Factory, SCV  
  96  7:30  Factory  
  96  7:32  Armory  
  96  7:51  SCV x3  
  99  8:03  SCV x2  
  101  8:08  Supply Depot  
  101  8:09  Command Center, Supply Depot  
  101  8:10  Supply Depot  
  101  8:12  Supply Depot  
  101  8:15  Factory  
  101  8:22  Orbital Command  
  82  8:48  Siege Tank x2, Factory Reactor  
  72  8:49  Factory Reactor  
  72  8:50  Viking x2  
  72  8:54  SCV x3  
  79  9:02  Engineering Bay  
  79  9:03  Factory Tech Lab  
  79  9:07  SCV x2  
  81  9:10  Refinery  
  81  9:12  Refinery  
  81  9:16  SCV  
  82  9:19  SCV  
  82  9:20  Siege Tank x2  
  89  9:35  Missile Turret  
  89  9:36  Missile Turret  
  89  9:38  Missile Turret x2, SCV x4  
  101  9:46  Missile Turret  
  101  9:47  Sensor Tower  
Show
View Real Time Build Order
Export as new Build Order

Mez Terran - Winner!

Build Orders:  

Get SALT Encoding   

  12  0:00  SCV  
  13  0:13  SCV  
  14  0:17  Supply Depot  
  14  0:25  SCV  
  14  0:28  Refinery  
  15  0:39  SCV  
  16  0:45  Barracks  
  16  0:51  SCV  
  17  1:03  SCV  
  18  1:15  SCV  
  20  1:32  Reaper  
  20  1:33  Orbital Command  
  20  1:44  Command Center  
  20  1:55  Factory  
  20  2:00  SCV  
  21  2:07  Barracks Reactor  
  21  2:12  SCV  
  21  2:13  Supply Depot  
  22  2:19  Refinery  
  22  2:24  SCV  
  23  2:47  Marine x2, Factory Tech Lab  
  23  2:49  SCV  
  26  2:56  Orbital Command  
  26  3:01  SCV  
  27  3:07  Cyclone, Marine x2  
  32  3:19  SCV  
  33  3:20  Starport  
  33  3:25  Marine x2  
  35  3:27  Supply Depot  
  35  3:30  SCV  
  35  3:31  SCV  
  37  3:41  Siege Tank  
  37  3:43  SCV x2  
  41  3:51  Marine x2  
  44  3:55  SCV x2  
  44  3:58  Starport Tech Lab  
  44  3:59  Refinery  
  45  4:08  SCV x2  
  45  4:10  Marine x2  
  47  4:20  SCV x2  
  47  4:22  Supply Depot  
  49  4:28  Raven  
  51  4:32  SCV x2  
  51  4:35  Marine  
  54  4:40  Supply Depot  
  54  4:43  Marine  
  54  4:44  Siege Tank, SCV x2  
  60  4:52  Command Center  
  60  4:56  SCV x2  
  62  5:02  Marine x2  
  62  5:04  Supply Depot  
  64  5:11  Raven  
  64  5:13  SCV x2  
  68  5:26  Factory Reactor  
  68  5:27  Barracks  
  68  5:28  Engineering Bay, SCV x2, Barracks  
  70  5:29  Stimpack, Engineering Bay  
  70  5:30  Marine  
  71  5:36  Refinery  
  71  5:43  Supply Depot  
  71  5:45  SCV x2  
  73  5:54  Raven, Barracks  
  73  5:55  Barracks  
  75  6:00  SCV x2  
  75  6:03  Terran Infantry Weapons Level 1  
  77  6:14  SCV x2  
  79  6:28  Marine x3  
  79  6:29  SCV x2  
  84  6:36  Marine x2  
  86  6:41  SCV x2, Supply Depot  
  86  6:44  Supply Depot  
  86  6:45  Marine x2, Orbital Command  
  90  6:53  SCV  
  92  6:54  Barracks Tech Lab x2  
  92  6:55  Marine x2, Marauder  
  92  6:56  SCV  
  96  7:03  Marine  
  96  7:05  SCV  
  96  7:06  Terran Infantry Armor Level 1  
  96  7:08  Starport Reactor  
  98  7:09  SCV, Armory  
  98  7:11  Marine  
  98  7:13  Refinery  
  100  7:16  Combat Shield, Marine x3, Marauder x2  
  100  7:17  Concussive Shells  
  100  7:20  SCV x2  
  100  7:21  SCV  
  110  7:31  Marine  
  110  7:33  Siege Tank  
  110  7:34  Marine x2  
  117  7:40  Refinery  
  117  7:41  Supply Depot  
  117  7:44  Supply Depot  
  113  8:03  SCV x2, Marauder  
  117  8:06  Marine x2, Marauder, Medivac x2  
  125  8:16  Barracks x2  
  125  8:19  Barracks  
  125  8:20  Supply Depot  
  125  8:21  Supply Depot  
  125  8:22  Siege Tank, SCV x3  
  125  8:23  Marine x2, Marauder  
  134  8:35  SCV  
  120  8:48  Marine  
  109  8:49  Marine, Marauder x3  
  109  8:51  Barracks Reactor, SCV x2  
  119  8:59  Command Center  
  119  9:01  Medivac x2  
  126  9:02  Siege Tank  
  126  9:06  Barracks Tech Lab  
  126  9:07  Barracks Tech Lab  
  126  9:10  Marauder x2  
  126  9:11  Marauder  
  126  9:15  Barracks Reactor  
  126  9:16  Marine x2  
  134  9:22  Supply Depot  
  134  9:23  Supply Depot x2  
  134  9:27  Marine x2, Marauder  
  134  9:28  Marauder  
  140  9:32  Marauder x2  
  148  9:39  Starport  
Tags
 
Composition
Mech
Matchup
TvT
Opening
1/1/1
Race
Terran
Spawn Locations
Cross Positions
Add a new tag
Caveats
  • Supply blocks, unpowered buildings, or Contaminate may cause inaccurate times.
  • Supply counts are checked every 10 seconds.